 Dungeon Sprint DCSS version 0.28.0-53-g5a82cb258f (webtiles) character file.

Game seed: 5459603299453503827

163 Zeld the Thaumaturge (level 5, -1/28 HPs)
             Began as a Deep Elf Conjurer on May 29, 2022.
             Was an Initiate of Sif Muna.
             Slain by a killer bee (2 damage)
             ... in the Dungeon (Sprint IV: "Fedhas' Mad Dash").
             The game lasted 00:01:08 (942 turns).

Zeld the Thaumaturge (Deep Elf Conjurer)             Turns: 942, Time: 00:01:09

Health: -1/28      AC:  2    Str:  4    XL:     5   Next: 20%
Magic:  13/19      EV: 12    Int: 25    God:    Sif Muna [......]
Gold:   39         SH:  0    Dex: 13    Spells: 17/23 levels left

rFire   . . .      SeeInvis .   (no weapon)
rCold   . . .      Faith    .   (no shield)
rNeg    . . .      Spirit   .   a - +0 robe
rPois   .          Reflect  .   (no helmet)
rElec   .          Harm     .   (no cloak)
rCorr   .          Rampage  .   (no gloves)
Will    .....      NoTele   +   (no boots)
Stlth   ++........              h - amulet of invisibility {+Inv}
HPRegen 0.09/turn               (no ring)
MPRegen 0.16/turn               (no ring)

@: lethally poisoned (-1 -> -2)
A: no striking features
a: Renounce Religion, Evoke Invisibility


You were in the Dungeon.
You worshipped Sif Muna.
Sif Muna was noncommittal.
You visited 1 branch You collected 39 gold pieces.

Inventory:

Armour
 a - a +0 robe (worn)
Jewellery
 h - the amulet of invisibility (around neck) {+Inv}
   (You found it in the Dungeon)

   [amulet of nothing]

   +Inv:      It lets you turn invisible.
Scrolls
 g - a scroll of blinking
 i - a scroll of fear {unknown}
Potions
 b - a potion of curing
 c - a potion of heal wounds
 d - a potion of haste
 e - 2 potions of magic
 f - a potion of berserk rage


   Skills:
 - Level 2.4 Dodging
 - Level 2.4 Stealth
 * Level 9.9 Spellcasting
 * Level 9.1 Conjurations
 - Level 2.0 Hexes
 - Level 2.0 Translocations


You had 17 spell levels left.
You knew the following spells:

 Your Spells              Type           Power      Damage    Failure   Level
a - Magic Dart            Conj           100%       1d8       1%          1
b - Searing Ray           Conj           100%       2d8       1%          2
z - Dazzling Flash        Conj/Hex       80%        N/A       1%          3

Your spell library contained the following spells:

 Spells                   Type           Power      Damage    Failure   Level
 Fulminant Prism          Conj/Hex       20%        3d13      4%          4
 Iskenderun's Mystic Bla  Conj/Tloc      40%        2d9       4%          4


Dungeon Overview and Level Annotations

Branches:
Dungeon (1/1)

Altars:
Cheibriados
Dithmenos
Elyvilon
Gozag
Hepliaklqana
Kikubaaqudgha
Makhleb
Nemelex Xobeh
Okawaru
Qazlal
Ru
Sif Muna
Trog
Uskayaw
Vehumet
Wu Jian
Xom
Yredelemnul
Zin
The Shining One
Beogh
Jiyva
Lugonu

Annotations:
D exclusion: oklob sapling


Message History

The killer bee buzzes angrily.
The killer bee misses you.
There is an open door here.
You miss the killer bee. The killer bee closely misses you.
The killer bee barely misses you. The killer bee stings you. x2
You are poisoned.
The killer bee poisons you!
You feel sick. The killer bee barely misses you.
Casting: Searing Ray (safe; 1% risk of failure)
Confirm with . or Enter, or press ? or * to list all spells.
Aiming: Searing Ray (safe; 1% risk of failure)
Press: ? - help, Shift-Dir - straight line The searing ray misses the killer bee.
The searing ray hits the killer bee!
The killer bee is heavily wounded. (Press . to maintain the ray.)
You feel sick. The killer bee closely misses you.
Unknown command.
Unknown command.
The searing ray hits the killer bee!
The killer bee is severely wounded.
You feel sick. The killer bee barely misses you. x2
The killer bee stings you. The killer bee barely misses you.
The killer bee completely misses you. The killer bee stings you.
Unknown command.
The searing ray hits the killer bee!
You kill the killer bee!
Sif Muna accepts your kill.
You feel sick. The killer bee misses you. The killer bee closely misses you. x2
The killer bee stings you.
* * * LOW HITPOINT WARNING * * *
Your Spellcasting skill increases to level 9!
Your Conjurations skill increases to level 9!
You have reached level 5!
You feel sick.
The queen bee buzzes angrily.
The killer bee buzzes angrily.
The killer bee stings you.
* * * LOW HITPOINT WARNING * * *
The killer bee stings you but does no damage.
The killer bee misses you. The killer bee stings you.
You die...

##############################
#<..P#.....#.....#.⌠._._._._.⌠
#.P..'.(...'.#(..'.._._._._._.
#P.PP#.....#.#y.y#..._._P_._..
###############@##.._._._._._.
y.y♣.....y..'...#._._._._._.⌠
y.y...♣y....#...#############
♣..♣..###### #+#####


You could see a queen bee and 3 killer bees.

Vanquished Creatures
  A scorpion (D)
  A killer bee (D)
  2 oklob saplings (D)
  A river rat (D)
  A rat (D)
6 creatures vanquished.

Vanquished Creatures (others)
  2 fungi (D)
2 creatures vanquished.

Grand Total: 8 creatures vanquished

Notes
Turn   | Place    | Note
-------+----------+-------------------------------------------
     0 | D        | Zeld the Deep Elf Conjurer began the quest for the Orb.
     0 | D        | Reached XP level 1. HP: 10/10 MP: 6/6
   115 | D        | Reached skill level 5 in Conjurations
   115 | D        | Reached skill level 1 in Hexes
   115 | D        | Reached skill level 1 in Translocations
   115 | D        | Reached XP level 2. HP: 15/15 MP: 3/9
   119 | D        | Learned a level 2 spell: Searing Ray
   645 | D        | Noticed an oklob sapling
   647 | D        | Killed an oklob sapling
   648 | D        | Reached XP level 3. HP: 19/19 MP: 6/12
   652 | D        | Learned a level 3 spell: Dazzling Flash
   794 | D        | Noticed a scorpion
   794 | D        | Found the amulet of invisibility {+Inv}
   798 | D        | Killed a scorpion
   799 | D        | Reached XP level 4. HP: 24/24 MP: 8/16
   851 | D        | Found an opulent altar of Gozag.
   851 | D        | Found a hazy altar of Hepliaklqana.
   851 | D        | Found a burning altar of Makhleb.
   851 | D        | Found a sparkling altar of Nemelex Xobeh.
   851 | D        | Found a snail-covered altar of Cheibriados.
   851 | D        | Found a sacrificial altar of Ru.
   851 | D        | Found a shimmering blue altar of Sif Muna.
   851 | D        | Found a shimmering altar of Xom.
   851 | D        | Found a basalt altar of Yredelemnul.
   852 | D        | Found a viscous altar of Jiyva.
   852 | D        | Found a bloodstained altar of Trog.
   852 | D        | Found an ornate altar of the Wu Jian Council.
   853 | D        | Found an iron altar of Okawaru.
   853 | D        | Found a shadowy altar of Dithmenos.
   853 | D        | Found a glowing silver altar of Zin.
   854 | D        | Found an ancient bone altar of Kikubaaqudgha.
   854 | D        | Found a hide-covered altar of Uskayaw.
   855 | D        | Found a stormy altar of Qazlal.
   855 | D        | Found a glowing golden altar of the Shining One.
   855 | D        | Found a white marble altar of Elyvilon.
   856 | D        | Found a radiant altar of Vehumet.
   856 | D        | Found a corrupted altar of Lugonu.
   858 | D        | Became a worshipper of Sif Muna the Loreminder
   929 | D        | Noticed a queen bee
   942 | D        | Reached XP level 5. HP: 8/28 MP: 13/19
   942 | D        | HP: 1/28 [killer bee (6)]
   942 | D        | Slain by a killer bee

Illustrated notes

Levels and vault maps discovered:
D:        dungeon_sprint_fedhas [sprint_temple]

Skill      XL: |  1  2  3  4 |
---------------+-------------+-----
Spellcasting   | 4 6 8 9 |  9.9
Conjurations   | 5 6 7 9 |  9.1
Hexes          | 1 2 |  2.0
Translocations | 1 2 |  2.0
Dodging        | |  2.4
Stealth        | |  2.4

Action                   |  1- 3 |  4- 6 || total
-------------------------+-------+-------++-------
Melee: Unarmed           |     5 |     1 ||     6
 Cast: Magic Dart        |     4 |       ||     4
       Searing Ray       |     2 |     2 ||     4
 Abil: Evoke Invisibilit |       |     2 ||     2
Armor: Robe              |       |     1 ||     1
Dodge: Dodged            |     3 |    14 ||    17
